 Dungeon Crawl Stone Soup version 0.31.0-1-g2c135a008e (webtiles) character file.

Game seed: 2265416538014325955

297 qw the Shooter (level 6, -6/47 HPs)
             Began as a Djinni Hunter on Jan 24, 2024.
             Killed by nerve-wracking pain
             ... invoked by Grinder
              (12 damage)
             ... on level 4 of the Dungeon.
             The game lasted 00:00:12 (3600 turns).

qw the Shooter (Djinni Hunter)                      Turns: 3600, Time: 00:00:12

Health: -6/47      AC:  3    Str: 10    XL:     6   Next: 62%
Gold:   157        EV: 13    Int: 11    God:
                   SH:  0    Dex: 18

rFire   + + .        a - +0 shortbow
rCold   x . .        (shield currently unavailable)
rNeg    . . .        c - +0 leather armour
rPois   inf          (no helmet)
rElec   .            (no cloak)
rCorr   .            (no gloves)
SInv    .            (boots unavailable)
Will    .....        (no amulet)
Stlth   ++           (no ring)
HPRegen 0.27/turn    (no ring)
MPRegen 0.00/turn

%: infuse magic (-7 HP)
@: flying
A: sickness immunity, fire resistance 2, cold vulnerability 1, float, innate
caster, HP casting, extra vitality 1
a: no special abilities


You were on level 4 of the Dungeon.
You visited 1 branch of the dungeon, and saw 4 of its levels.

You collected 157 gold pieces.


Innate Abilities, Weirdness & Mutations

You are immune to sickness and miasma.
You are immune to poison.
Your flesh is very heat resistant. (rF++)
You are vulnerable to cold. (rC-)
You float through the air rather than walking.
You learn spells naturally, not from books.
Your magical power is your life essence.
You have superior vitality. (+4 MHP)


   Skills:
 - Level 4.0 Fighting
 + Level 5.1 Ranged Weapons
 - Level 3.1 Dodging
 - Level 0.7 Stealth


You knew the following spells:

 Your Spells              Type           Power      Damage    Failure   Level
a - Freeze                Ice            0%         1d3       43%         1
b - Scorch                Fire           0%         2d5       58%         2
Your spell library was empty.

Inventory:

Hand Weapons
 a - a +0 shortbow (weapon)
Armour
 c - a +0 leather armour (worn)
Wands
 j - a wand of charming (20)
Scrolls
 b - a scroll of brand weapon {unknown}
Potions
 d - a potion of might
 e - a potion of haste
 h - a potion of brilliance {unknown}
 i - a potion of heal wounds {unknown}
 k - a potion of ambrosia {unknown}
 l - a potion of attraction {unknown}

Dungeon Overview and Level Annotations

Branches:
Dungeon (4/15)
 Temple: D:4-7

Altars:
Dithmenos
Fedhas
Gozag
Nemelex Xobeh
Okawaru
Uskayaw
Xom

Shops:
D:3 :

Annotations:
D:4 Grinder


Message History

Grinder blinks!
Grinder gestures at you.
You shrug off the repeated paralysis!
You can move again.
You shoot an arrow. The arrow closely misses Grinder.
Grinder gestures at you. You resist with some effort.
You shoot an arrow. The arrow barely misses Grinder.
You shoot an arrow. The arrow closely misses Grinder.
Grinder barely misses you.
You shoot an arrow. The arrow closely misses Grinder.
Grinder barely misses you. Grinder hits you.
You writhe in agony.
You shoot an arrow. The arrow closely misses Grinder.
Grinder closely misses you.
You shoot an arrow. The arrow closely misses Grinder.
Grinder hits you!
You writhe in agony.
You shoot an arrow. The arrow barely misses Grinder.
Grinder hits you.
You writhe in agony.
You shoot an arrow. The arrow closely misses Grinder.
Grinder misses you.
Grinder blinks!
You shoot an arrow. The arrow hits Grinder.
Grinder is moderately wounded.
You shoot an arrow. The arrow barely misses Grinder.
You shoot an arrow. The arrow barely misses Grinder.
You shoot an arrow.
The arrow hits Grinder but does no damage.
Grinder is moderately wounded.
Grinder completely misses you.
You shoot an arrow. The arrow closely misses Grinder.
Grinder hits you. x2; You writhe in agony.
You shoot an arrow. The arrow hits Grinder.
Grinder is moderately wounded.
Grinder says, "DUCK!"
Grinder misses you.
You shoot an arrow. The arrow hits Grinder.
Grinder is heavily wounded.
Grinder gestures at you. Pain shoots through your body!
You die...
Grinder says, "Hey, I wasn't done torturing you yet!"

#### . ...# ##. ##.# ..
#.######### ##.# #
#......<..# #..# #..
#.#######.# #..##.#$.
##.#######.#####.$...#.$
................@5#.
##...................#$.
#.#########.####.##.###
##.# #.# .# ... ...# #.#
.# ### ##.# #.. .. ..#
#.# #.# .# #.# .# ##.#
#.# .# #.# #.# ...#
#.### #.# #.#


You could see Grinder.

Vanquished Creatures
  A phantom (D:4)
  A scorpion (D:4)
  Ijyb (D:4)
  3 adders
  3 river rats (D:3)
  4 ribbon worms (D:3)
  2 dart slugs
  An orc (D:3)
  8 ball pythons
  5 endoplasms
  3 giant cockroaches
  9 hobgoblins
  3 jackals (D:4)
  2 quokkas
  7 bats
  2 frilled lizards
  4 goblins
  4 kobolds
  7 rats
70 creatures vanquished.

Notes
Turn   | Place    | Note
-------+----------+-------------------------------------------
     0 | D:1      | qw the Djinni Hunter began the quest for the Orb.
     0 | D:1      | Reached XP level 1. HP: 18/18 MP: 0/0
     0 | D:1      | 0 ||| qw: Version: 0.3-a-136-gdd3b4e8
     0 | D:1      | 0 ||| qw: Game counter: 1276
     0 | D:1      | 0 ||| qw: Melee chars always use a shield: true
     0 | D:1      | 0 ||| qw: God list: Okawaru
     0 | D:1      | 0 ||| qw: Allow faded altars: false
     0 | D:1      | 0 ||| qw: Do Orc after clearing Dungeon:15 true
     0 | D:1      | 0 ||| qw: Do second Lair branch before Depths: true
     0 | D:1      | 0 ||| qw: Lair rune preference: random
     0 | D:1      | 0 ||| qw: Goals: Normal
     0 | D:1      | 0 ||| PLANNING D:1-11
   156 | D:1      | Reached XP level 2. HP: 23/23 MP: 0/0
   440 | D:1      | 440 ||| READING scroll labelled ORAAXK JIQAQE.
   440 | D:1      | 440 ||| IDENTIFYING lumpy amethyst potion
   441 | D:1      | 441 ||| DROPPING scroll of butterflies.
   453 | D:1      | Reached XP level 3. HP: 23/28 MP: 0/0
   453 | D:1      | Learned a level 1 spell: Freeze
   454 | D:1      | Reached skill level 4 in Ranged Weapons
   635 | D:1      | 635 ||| READING scroll labelled XOYBIW NUCAL.
   696 | D:2      | Found a hide-covered altar of Uskayaw.
  1144 | D:2      | Found a faded altar of an unknown god.
  1250 | D:2      | Reached skill level 3 in Fighting
  1250 | D:2      | Reached XP level 4. HP: 35/35 MP: 0/0
  1545 | D:2      | 1545 ||| READING scroll labelled EXZIOG JUIDUPH.
  1646 | D:2      | 1646 ||| READING scroll labelled DERIEDW YNUF.
  1647 | D:2      | 1647 ||| READING scroll labelled ANEGOPPONE.
  1648 | D:2      | 1648 ||| DRINKING 3 smoky silvery potions.
  1649 | D:2      | 1649 ||| DRINKING 2 golden potions.
  1650 | D:2      | 1650 ||| DROPPING potion of degeneration.
  1696 | D:3      | 1696 ||| PLANNING SEWER
  1839 | D:3      | Reached skill level 3 in Dodging
  1948 | D:3      | Reached XP level 5. HP: 40/40 MP: 0/0
  1948 | D:3      | Learned a level 2 spell: Scorch
  1982 | D:3      | 1982 ||| FLEEEEING.
  1994 | D:3      | 1994 ||| FLEEEEING.
  1995 | D:3      | 1995 ||| FLEEEEING.
  1996 | D:3      | 1996 ||| FLEEEEING.
  1997 | D:3      | 1997 ||| FLEEEEING.
  2136 | D:3      | Found an iron altar of Okawaru.
  2150 | D:3      | Found a shadowy altar of Dithmenos.
  2245 | D:3      | Identified the +2 war axe of Conflict {flame, rN+ rCorr
                  | Dex-2}
  2284 | D:3      | Found Suyvooli's Book Shoppe.
  2305 | D:3      | Found a stormy altar of Qazlal.
  2308 | D:3      | Found a sparkling altar of Nemelex Xobeh.
  2308 | D:3      | Found an opulent altar of Gozag.
  2310 | D:3      | Found a shimmering altar of Xom.
  2310 | D:3      | Found a shimmering altar of Xom.
  2454 | D:3      | 2454 ||| RIP SEWER
  2455 | D:3      | 2455 ||| PLANNING OKAWARU WORSHIP
  2455 | D:3      | 2455 ||| READING scroll labelled QEVVIFRO NOQA.
  2459 | D:3      | 2459 ||| PLANNING D:1-11
  2459 | D:3      | 2459 ||| Stepping randomly (stuck).
  2733 | D:3      | Found a blossoming altar of Fedhas.
  2805 | D:3      | 2805 ||| READING scroll of identify.
  2805 | D:3      | 2805 ||| IDENTIFYING clear potion
  3038 | D:4      | Noticed Ijyb
  3047 | D:4      | 3047 ||| DRINKING 3 potions of curing.
  3047 | D:4      | 3047 ||| (to cure confusion)
  3048 | D:4      | 3048 ||| DRINKING 2 potions of curing.
  3048 | D:4      | 3048 ||| (to cure confusion)
  3053 | D:4      | 3053 ||| DRINKING potion of curing.
  3053 | D:4      | 3053 ||| (to cure confusion)
  3071 | D:4      | Killed Ijyb
  3191 | D:4      | Reached skill level 5 in Ranged Weapons
  3191 | D:4      | Reached XP level 6. HP: 35/46 MP: 0/0
  3561 | D:4      | Noticed Grinder
  3582 | D:4      | Paralysed by Grinder for 4 turns
  3598 | D:4      | HP: 10/47 [Grinder (4)]
  3600 | D:4      | Killed from afar by Grinder

Levels and vault maps discovered:
D:1:      sevenhm_arrival_forest_fort_small_3, layout_loops_ring,
          nicolae_the_louvre
D:2:      layout_loops_corners, chequers_ecumenical_altar_simple, basic_altar,
          kennysheep_nondescript, minmay_misc_feat_chi
D:3:      layout_loops_ring, nicolae_dithmenos_the_darkroom,
          doesnt_xom_only_xom, okawaru_gym_becter, fedhas_altar_2, serial_shops,
          shop, lightli_sewer_entry_pipes, minivault_5, minivault_19,
          serial_bayou_pond_e
D:4:      layout_loops_ring, amcnicky_altar_gilded, uniq_grinder, uniq_sigmund,
          uniq_ijyb

Skill      XL: |  1  2  3  4  5  6 |
---------------+-------------------+-----
Ranged Weapons | 4 5 |  5.1
Fighting       | 3 4 |  4.0
Dodging        | 3 |  3.1
Stealth        | |  0.7

Action                     |  1- 3 |  4- 6 || total
---------------------------+-------+-------++-------
   Fire: Shortbow          |    81 |   210 ||   291
    Use: Scroll            |     2 |     5 ||     7
         Potion            |       |     5 ||     5
 Armour: Leather armour    |    23 |    90 ||   113
  Dodge: Dodged            |    20 |    96 ||   116

Table legend:
 A = Non-vault XP
 B = Vault XP
 C = Vault XP percentage of total XP
 D = Non-vault monster count
 E = Vault monster count
 F = Vault count percentage of total count
                 A         B        C        D         E       F
            +---------+---------+-------+---------+---------+-------
      Total |     319 |     106 |  24.9 |      59 |      11 |  15.7
            +---------+---------+-------+---------+---------+-------
        D:1 |      37 |       0 |   0.0 |      21 |       0 |   0.0
        D:2 |      41 |       0 |   0.0 |      12 |       0 |   0.0
        D:3 |      32 |      65 |  67.0 |      13 |      10 |  43.5
        D:4 |     209 |      41 |  16.4 |      13 |       1 |   7.1
            +---------+---------+-------+---------+---------+-------
